 Dungeon Crawl Stone Soup version 0.27-a0-1065-ge809cff456 (webtiles) character file.

Game seed: 12261674669507757886

658 vhaine the Spear-Bearer (level 7, -5/46 HPs)
             Began as a Merfolk Ice Elementalist on Apr 23, 2021.
             Slain by Duvessa
             ... wielding a +0 short sword
              (14 damage)
             ... on level 4 of the Dungeon.
             The game lasted 00:23:47 (6977 turns).

vhaine the Spear-Bearer (Merfolk Ice Elementalist)  Turns: 6977, Time: 00:23:48

Health: -5/46      AC:  7    Str: 10    XL:     7   Next: 55%
Magic:  10/10      EV: 12    Int: 15    God:
Gold:   204        SH:  0    Dex: 14    Spells: 9/10 levels left

rFire    . . .     SeeInvis .   v - +1 spear (venom)
rCold    . . .     Faith    .   (no shield)
rNeg     . . .     Spirit   .   a - +0 robe
rPois    +         Reflect  .   (no helmet)
rElec    .         Harm     .   u - +1 cloak {rPois}
rCorr    .         Rampage  .   l - +2 pair of gloves
Will     .....                  (no boots)
Stlth    +.........             (no amulet)
HPRegen  0.15/turn              (no ring)
MPRegen  0.12/turn              (no ring)

@: lit by a corona, glowing
A: (nimble swimmer 2), mertail
a: no special abilities


You were on level 4 of the Dungeon.
You visited 1 branch of the dungeon, and saw 6 of its levels.

You collected 204 gold pieces.

Inventory:

Hand Weapons
 f - a +0 spear
 s - a +0 trident
 v - a +1 spear of venom (weapon)
Missiles
 x - a throwing net
Armour
 a - a +0 robe (worn)
 l - a +2 pair of gloves (worn)
 u - a +1 cloak of poison resistance (worn)
Magical Staves
 p - a staff of conjuration
Jewellery
 j - a ring of positive energy
Scrolls
 c - a scroll of identify
 g - a scroll of noise
 n - 2 scrolls of acquirement {unknown}
 o - 3 scrolls of enchant weapon
 q - 2 scrolls of teleportation
 t - a scroll of enchant armour {unknown}
Potions
 b - a potion of magic {unknown}
 d - a potion of berserk rage {unknown}
 e - 3 potions of attraction
 h - a potion of degeneration {unknown}
 i - a potion of lignification
 k - a potion of curing
 m - a potion of might {unknown}
 r - 2 potions of mutation {unknown}
 w - a potion of heal wounds {unknown}


   Skills:
 + Level 10.7 Polearms
 - Level 2.6 Dodging
 - Level 2.1 Stealth
 - Level 2.0 Spellcasting
 - Level 5.0 Ice Magic


You had 9 spell levels left.
You knew the following spells:

 Your Spells              Type           Power      Damage    Failure   Level
a - Freeze                Ice            64%        1d8       2%          1

Your spell library contained the following spells:

 Spells                   Type           Power      Damage    Failure   Level
 Frozen Ramparts          Ice            32%        1d5       9%          3
 Ozocubu's Armour         Ice            16%        N/A       9%          3
 Magic Dart               Conj           4%         1d3       22%         1
 Blink                    Tloc           N/A        N/A       32%         2
 Call Imp                 Summ           1%         N/A       32%         2
 Searing Ray              Conj           2%         3d3       32%         2
 Slow                     Hex            1%         N/A       32%         2
 Conjure Flame            Conj/Fire      1%         6-21      54%         3
 Dazzling Flash           Conj/Hex       2%         N/A       54%         3
 Mephitic Cloud           Conj/Pois/Air  1%         N/A       54%         3
 Hailstorm                Conj/Ice       9%         3d4       61%         4
 Fulminant Prism          Conj/Hex       0%         3d6       91%         4
 Iskenderun's Mystic Bla  Conj/Tloc      1%         2d3       91%         4
 Metabolic Englaciation   Hex/Ice        4%         N/A       91%         5


Dungeon Overview and Level Annotations

Branches:
Dungeon (6/15)
 Temple: D:4-7

Altars:
Hepliaklqana
Nemelex Xobeh
Qazlal
Ru
Trog

Annotations:
D:2 exclusion: scorpion
D:4 Duvessa
D:5 exclusion: necrophage
D:6 Eustachio


Innate Abilities, Weirdness & Mutations

((You are quick and stealthy near water. (Stealth+, EV+, Speed+++)))
Your lower body shifts to a powerful aquatic tail in water.


Message History

Dowan gestures wildly while chanting.
Dowan blinks!
Duvessa hits you with a +0 short sword. Dowan gestures at you while chanting.
The puff of flame hits you! Duvessa hits you with a +0 short sword.
Dowan points at you and mumbles some strange words.
The puff of flame hits you.
Duvessa says, "Where magic fails, the sword succeeds!"
Duvessa barely misses you. Dowan casts a spell at you.
You are outlined in light.
Duvessa barely misses you.
Found a stone staircase leading down.
Duvessa closely misses you.
Duvessa screams, "No!
How DARE you!"
Duvessa goes berserk!
You feel a bit more experienced.
Found 21 bolts.
Duvessa hits you with a +0 short sword.
You hear a shout!
There is a stone staircase leading up here.
Duvessa hits you with a +0 short sword!
You climb upwards.
There is a stone staircase leading down here.
Duvessa hits you with a +0 short sword!
* * * LOW HITPOINT WARNING * * *
You feel better. Duvessa hits you with a +0 short sword!
* * * LOW HITPOINT WARNING * * *
Okay, then.
Casting: Freeze (safe; 2% risk of failure)
Confirm with . or Enter, or press ? or * to list all spells.
Okay, then.
Casting: Freeze (safe; 2% risk of failure)
Confirm with . or Enter, or press ? or * to list all spells.
Okay, then.
You feel better. Duvessa hits you with a +0 short sword!
* * * LOW HITPOINT WARNING * * *
Duvessa hits you with a +0 short sword.
* * * LOW HITPOINT WARNING * * *
You feel better. Duvessa hits you with a +0 short sword!
You die...

#.......# ##### #.......#
#...# #.......# #...#
#.......# #...# #.......#
#...# #.......# #...#
#.......###########...#
#.....e.......)........
######@#.#.########..##
#...##.#.#.#########.##
#...##.................
#...####.#.##########.#
#...# #.#.# #.# #...# #.#.#
### #.. #...# #.#.#
#.#######.
######...####.#.###.........
#.............#...#.#######.


You could see Duvessa (berserk, fast).

Vanquished Creatures
  A water moccasin (D:3)
  A necrophage (D:5)
  A kobold brigand (D:5)
  Dowan (D:5)
  A hound (D:2)
  A jelly (D:4)
  A centaur skeleton (D:5)
  An iguana (D:6)
  2 orc wizards
  A hound skeleton (D:4)
  4 adders
  A shadow imp (D:6)
  A white imp (D:5)
  A worm (D:4)
  A dart slug (D:3)
  18 orcs
  6 endoplasms
  6 giant cockroaches
  4 goblins
  5 hobgoblins
  9 jackals
  2 quokkas
  7 ball pythons
  4 bats
  4 frilled lizards
  9 kobolds
  7 rats
100 creatures vanquished.

Vanquished Creatures (others)
  11 plants (D:5)
11 creatures vanquished.

Grand Total: 111 creatures vanquished

Notes
Turn   | Place    | Note
-------+----------+-------------------------------------------
     0 | D:1      | vhaine the Merfolk Ice Elementalist began the quest for the
                  | Orb.
     0 | D:1      | Reached XP level 1. HP: 13/13 MP: 3/3
   442 | D:1      | Found a faded altar of an unknown god.
   546 | D:1      | Reached XP level 2. HP: 19/19 MP: 3/5
   644 | D:1      | Reached skill level 5 in Ice Magic
  1138 | D:2      | Reached skill level 1 in Polearms
  1434 | D:2      | Reached skill level 2 in Polearms
  1434 | D:2      | Reached XP level 3. HP: 7/24 MP: 0/6
  1695 | D:2      | Noticed a scorpion
  1773 | D:2      | Found a sacrificial altar of Ru.
  1811 | D:2      | Reached skill level 3 in Polearms
  2186 | D:2      | Reached skill level 4 in Polearms
  2186 | D:2      | Reached XP level 4. HP: 29/30 MP: 3/7
  2637 | D:3      | Reached skill level 5 in Polearms
  2708 | D:3      | Noticed a water moccasin
  2919 | D:3      | Killed a water moccasin
  2920 | D:3      | Reached skill level 7 in Polearms
  2920 | D:3      | Reached XP level 5. HP: 12/35 MP: 1/8
  3511 | D:3      | Reached XP level 6. HP: 33/41 MP: 6/9
  3732 | D:3      | Found a bloodstained altar of Trog.
  4367 | D:4      | Reached skill level 8 in Polearms
  4611 | D:4      | Found a hazy altar of Hepliaklqana.
  4611 | D:4      | Found a stormy altar of Qazlal.
  5409 | D:5      | Entered Level 5 of the Dungeon
  5582 | D:5      | Noticed a necrophage
  5715 | D:5      | Found a sparkling altar of Nemelex Xobeh.
  6226 | D:5      | Reached skill level 9 in Polearms
  6244 | D:5      | Killed a necrophage
  6245 | D:5      | Reached XP level 7. HP: 27/46 MP: 10/10
  6461 | D:5      | Reached skill level 10 in Polearms
  6708 | D:5      | Noticed a wraith
  6835 | D:6      | Noticed Eustachio
  6948 | D:5      | Noticed Duvessa
  6948 | D:5      | Noticed Dowan
  6969 | D:5      | Killed Dowan
  6977 | D:4      | Slain by Duvessa

Illustrated notes

Levels and vault maps discovered:
D:1:      heliophobic_arrival_glass_houses, layout_basic,
          ebering_ecumenical_altar_mist, chequers_serial_rivers_small_b
D:2:      layout_loops_corners, basic_altar, minmay_worlds_worst_comb
D:3:      layout_loops_ring, general_overflow_altar
D:4:      layout_basic, chequers_temple_overflow_statue_of_worship
D:5:      layout_basic, lemuel_crystal_altar, minmay_misc_feat_cross,
          kennysheep_path_1, glass_columns_a, lexackson_kobold_supper,
          uniq_duvessa
D:6:      layout_rooms, uniq_eustachio

Skill      XL: |  1  2  3  4  5  6  7 |
---------------+----------------------+-----
Ice Magic      | 5 |  5.0
Polearms       | 2 4 7 9 10 | 10.7
Dodging        | |  2.6
Stealth        | |  2.1
Spellcasting   | |  2.0

Action                   |  1- 3 |  4- 6 |  7- 9 || total
-------------------------+-------+-------+-------++-------
Melee: Spear             |    37 |   191 |     4 ||   232
       Trident           |       |    31 |    27 ||    58
 Cast: Freeze            |    33 |    33 |     8 ||    74
  Use: Potion            |       |     2 |     3 ||     5
       Scroll            |       |     1 |     4 ||     5
 Stab: Sleeping          |     6 |     7 |       ||    13
Armor: Robe              |     8 |    27 |     3 ||    38
       Skin              |       |    25 |       ||    25
Dodge: Dodged            |    30 |    84 |     8 ||   122

Table legend: (Time is in decaauts)
 A = Elapsed time spent in this place.
 B = Non-inter-level travel time spent in this place.
 C = Inter-level travel time spent in this place.
 D = Time resting spent in this place.
 E = Time spent auto-exploring this place.
 F = Levels seen in this place.
 G = Mean time per level.
                   A        B        C        D        E       F      G
               +--------+--------+--------+--------+--------+-----+--------+
         Total |   6874 |   6685 |    189 |   1984 |   3755 |   6 | 1145.7 |
       Dungeon |   6874 |   6685 |    189 |   1984 |   3755 |   6 | 1145.7 |
               +--------+--------+--------+--------+--------+-----+--------+

Top non-repeatable levels by time:
     D:3: 1591 daAuts
     D:2: 1394 daAuts
     D:5: 1369 daAuts
     D:4: 1361 daAuts
     D:1: 983 daAuts
     D:6: 173 daAuts
